 Dungeon Crawl Stone Soup version 0.30.0-11-gf55b779eaf (webtiles) character file.

Game seed: 850981840714714129

493 Hubris850 the Magician (level 7, -5/45 HPs)
             Began as a Djinni Hedge Wizard on May 16, 2023.
             Was an Initiate of Gozag.
             Slain by a water moccasin (8 damage)
             ... on level 5 of the Dungeon.
             The game lasted 00:14:46 (4237 turns).

Hubris850 the Magician (Djinni Hedge Wizard)        Turns: 4237, Time: 00:14:46

Health: -5/45      AC:  0    Str:  9    XL:     7   Next: 37%
Gold:   793        EV: 12    Int: 35    God:    Gozag SH:  0 Dex: 12

rFire   + + +        D - +1 great sword of Rescuing Evisceration {venom, *Corrode Fragile +Blink Will++ Int+8}
rCold   . . .        (shield currently unavailable)
rNeg    . . .        k - +0 leather armour
rPois   ∞            c - +0 hat
rElec   +            B - +0 cloak
rCorr   +            (no gloves)
SInv    .            (boots unavailable)
Will    ++...        e - amulet "Sotzeos" {Regen+ Int+3}
Stlth   +            v - +6 ring of intelligence
HPRegen 1.07/turn    (no ring)
MPRegen 0.00/turn

%: corrode self (3%), infuse magic (-6 HP)
@: mighty, resistant, corroded, flying, hasted, very quick
A: sickness immunity, fire resistance 2, cold vulnerability 1, float, innate
caster, HP casting, extra vitality 1
a: Renounce Religion, Evoke Blink, Potion Petition, Call Merchant, Bribe Branch


You were on level 5 of the Dungeon.
You worshipped Gozag.
Gozag was pleased with you.
You visited 1 branch of the dungeon, and saw 5 of its levels.

You collected 1432 gold pieces.
You paid 639 gold pieces to Gozag.

Inventory:

Hand Weapons
 a - a +2 dagger of venom
 b - a +2 short sword of protection
 n - a +0 dagger
 D - the +1 great sword of Rescuing Evisceration (weapon) {venom, *Corrode Fragile +Blink Will++ Int+8}
   (You found it on level 3 of the Dungeon)

   Int:       It affects your intelligence (+8).
   +Blink:    It lets you blink.
   *Corrode:  It may corrode you when you take damage.
   Fragile:   It will be destroyed if unequipped.
   Will:      It greatly increases your willpower.
Missiles
 s - 11 poisoned darts
Armour
 c - a +0 hat (worn)
 d - a +0 robe
 g - a +0 ring mail
 k - a +0 leather armour (worn)
 B - a +0 cloak (worn)
Jewellery
 e - the amulet "Sotzeos" (around neck) {Regen+ Int+3}
   (You acquired it on level 5 of the Dungeon)

   [amulet of regeneration]

   Int:       It affects your intelligence (+3).
   Regen:     It increases your rate of health regeneration.
 v - a +6 ring of intelligence (left hand)
Scrolls
 f - a scroll of magic mapping
 m - a scroll of silence
 t - 4 scrolls of teleportation
 u - 2 scrolls of blinking
 x - a scroll of enchant armour
 y - a scroll of poison
 C - 2 scrolls of immolation
 E - a scroll of enchant weapon {unknown}
Potions
 i - 6 potions of curing
 j - a potion of lignification
 p - 2 potions of heal wounds
 z - a potion of ambrosia
 A - a potion of invisibility
Miscellaneous
 q - a phantom mirror


   Skills:
 - Level 2.9(3.3) Short Blades
 * Level 2.3(3.0) Long Blades
 - Level 2.8 Armour
 - Level 3.5 Dodging
 - Level 1.6 Stealth
 + Level 3.8 Spellcasting


You knew the following spells:

 Your Spells              Type           Power      Damage    Failure   Level
a - Magic Dart            Conj           100%       1d8       1%          1
b - Slow                  Hex            100%       N/A       1%          1
c - Blink                 Tloc           66%        N/A       1%          2
d - Call Imp              Summ           66%        N/A       1%          2
e - Mephitic Cloud        Conj/Pois/Air  33%        N/A       4%          3
f - Foxfire               Conj/Fire      100%       2x1d9     1%          1
g - Lesser Beckoning      Tloc           66%        N/A       1%          2
h - Teleport Other        Tloc           33%        N/A       4%          3
Your spell library was empty.

Dungeon Overview and Level Annotations

Branches:
Dungeon (5/15)
 Temple: D:4-7

Altars:
Gozag


Innate Abilities, Weirdness & Mutations

You are immune to sickness and miasma.
You are immune to poison.
Your flesh is very heat resistant. (rF++)
You are vulnerable to cold. (rC-)
You float through the air rather than walking.
You learn spells naturally, not from books.
Your magical power is your life essence.
You have superior vitality. (+4 MHP)


Message History

The iguana is almost dead.
The iguana closely misses you.
You slash the iguana!
You kill the iguana!
You now have 1369 gold pieces (gained 4).
A water moccasin comes into view.
The water moccasin hisses angrily.
You hit the water moccasin.
The water moccasin is lightly wounded.
The water moccasin bites you. x2; Your corrosive artefact corrodes you!
You closely miss the water moccasin.
The water moccasin is lightly wounded.
You hear the brisk rusting of a drain nearby.
The water moccasin bites you! x2
You closely miss the water moccasin.
The water moccasin is lightly wounded.
The water moccasin bites you!
* * * LOW HITPOINT WARNING * * *
The water moccasin closely misses you.
You closely miss the water moccasin.
The water moccasin is lightly wounded.
The water moccasin misses you. The water moccasin bites you!
* * * LOW HITPOINT WARNING * * *
You miss the water moccasin.
The water moccasin is lightly wounded.
The water moccasin misses you.
The water moccasin barely misses you. [a] - 110 gold - heal wounds [b] - 252 gold - invisibility and might [c] - 576 gold - resistance, might and haste Purchase which effect?
You no longer have enough gold to fund merchants seeking to open stores in the dungeon.
You feel protected.
You feel very mighty all of a sudden.
You feel yourself speed up. The water moccasin misses you.
The water moccasin bites you.
* * * LOW HITPOINT WARNING * * *
You miss the water moccasin.
The water moccasin is lightly wounded.
The water moccasin bites you!
You die...
Your body crumbles into a pile of gold.

.. ###.##
.....#
.....#. #.
....... #.
.....#. #.
####S......
## #.
#..@...#
.#####
#.##.##..##
......
#.....#..#
88888.
#.....#..#
8.888.###
#........#
........#
##.#######
.8......#
#.#
.8....#.#
#.##
......#.#
#..##


You could see a water moccasin.

Vanquished Creatures
  A black bear (D:5)
  The ghost of liarliar the Shooter, an amateur SpHu (D:3)
  A bullfrog (D:3)
  2 orc priests (D:3)
  3 iguanas
  2 adders
  A white imp (D:5)
  2 worms
  2 dart slugs
  4 orcs (D:3)
  6 endoplasms
  4 giant cockroaches
  8 hobgoblins
  8 jackals
  4 kobolds (D:1)
  5 quokkas
  15 ball pythons
  8 bats
  3 frilled lizards
  7 goblins
  8 rats
95 creatures vanquished.

Vanquished Creatures (others)
  18 foxfires
18 creatures vanquished.

Grand Total: 113 creatures vanquished

Notes
Turn   | Place    | Note
-------+----------+-------------------------------------------
     0 | D:1      | Hubris850 the Djinni Hedge Wizard began the quest for the
                  | Orb.
     0 | D:1      | Hubris850 set off with the following spells memorised:
                  | Magic Dart, Slow, Blink, Call Imp, Mephitic Cloud.
     0 | D:1      | Reached XP level 1. HP: 15/15 MP: 0/0
   133 | D:1      | Reached XP level 2. HP: 14/21 MP: 0/0
   498 | D:1      | Reached XP level 3. HP: 25/25 MP: 0/0
   498 | D:1      | Learned a level 1 spell: Foxfire
   538 | D:1      | Reached skill level 1 in Short Blades
  1186 | D:2      | Reached skill level 1 in Armour
  1186 | D:2      | Reached XP level 4. HP: 28/31 MP: 0/0
  1646 | D:3      | Reached XP level 5. HP: 6/35 MP: 0/0
  1646 | D:3      | Learned a level 2 spell: Lesser Beckoning
  2256 | D:3      | Noticed a bullfrog
  2265 | D:3      | Killed a bullfrog
  2266 | D:3      | Reached XP level 6. HP: 37/40 MP: 0/0
  2382 | D:3      | Found a runed translucent door.
  2383 | D:3      | Noticed liarliar's ghost (amateur SpHu)
  2495 | D:3      | Killed liarliar's ghost
  2761 | D:3      | Identified the +1 great sword of Rescuing Evisceration
                  | {venom, *Corrode Fragile +Blink Will++ Int+8}
  3078 | D:4      | Found an opulent altar of Gozag.
  3104 | D:4      | Became a worshipper of Gozag Ym Sagoz the Greedy
  3887 | D:5      | Entered Level 5 of the Dungeon
  3888 | D:5      | Identified a scroll of acquirement
  3889 | D:5      | Acquired 1156 gold pieces
  3935 | D:5      | Noticed a black bear
  3944 | D:5      | Killed a black bear
  3945 | D:5      | Reached skill level 1 in Long Blades
  3945 | D:5      | Reached XP level 7. HP: 15/45 MP: 0/0
  3945 | D:5      | Learned a level 3 spell: Teleport Other
  4068 | D:5      | Acquired the amulet "Sotzeos" {Regen+ Int+3}
  4230 | D:5      | Noticed a water moccasin
  4234 | D:5      | HP: 2/45 [water moccasin (9)]
  4237 | D:5      | Slain by a water moccasin

Illustrated notes

Levels and vault maps discovered:
D:1:      minmay_arrival_wavy_path, layout_basic, minmay_3d_cube
D:2:      layout_rooms
D:3:      layout_basic, ebering_ghost_inner_flame, hangedman_decor_opposing,
          kennysheep_pointless_box
D:4:      layout_cave_pods, mainiacjoe_overflow_alcove_1,
          kiku_gazebo_garden_becter, minivault_26, dk_rats_in_the_wall
D:5:      layout_loops_corners, mainiacjoe_overflow_alcove_2,
          portal_sewer_entry_b, serial_shops, shop, nicolae_shop_fire_sale
          [nicolae_sub_dead_trees], hellmonk_bongcloud_opening,
          hangedman_abyss_or_decor_stagger, uniq_menkaure

Skill      XL: |  1  2  3  4  5  6  7 |
---------------+----------------------+-----
Short Blades   | 1 2 |  2.9
Dodging        | 3 |  3.5
Armour         | 1 2 |  2.8
Spellcasting   | 3 |  3.8
Long Blades    | 1 2 |  2.3
Stealth        | |  1.6

Action                     |  1- 3 |  4- 6 |  7- 9 || total
---------------------------+-------+-------+-------++-------
  Melee: Short sword       |    52 |    12 |       ||    64
         Dagger            |    53 |    41 |       ||    94
         Punch             |       |     2 |       ||     2
         Great sword       |       |    25 |    19 ||    44
  Throw: Dart              |       |     6 |       ||     6
   Cast: Magic Dart        |    23 |    64 |     8 ||    95
         Foxfire           |     5 |     4 |       ||     9
         Mephitic Cloud    |       |     1 |       ||     1
         Lesser Beckoning  |       |     1 |       ||     1
 Invoke: Potion Petition   |       |       |     1 ||     1
    Use: Scroll            |       |    13 |     3 ||    16
         Potion            |       |     4 |       ||     4
   Stab: Sleeping          |     3 |     2 |       ||     5
         Confused          |       |     1 |       ||     1
         Distracted        |       |     1 |       ||     1
 Armour: Robe              |    11 |       |       ||    11
         Ring mail         |     1 |       |       ||     1
         Leather armour    |    21 |     9 |     1 ||    31
         Skin              |       |     4 |       ||     4
  Dodge: Dodged            |    68 |    52 |    14 ||   134
